Map: Dusk Towers

Players

LilDicky - Winner!

  • Race: Terran Terran
  • League: Diamond

TheCoach

  • Race: Zerg Zerg
  • League: Diamond

VOD

http://www.twitch.tv/tumescentpie

Description

Time

  • Played on: Nov. 23, 2015, 9:14 p.m.
  • Length: 12:12
Show
View Real Time Build Order
Export as new Build Order

LilDicky Terran - Winner!

Build Orders: Liberator Opening, Reaper Expand, MMM Bio 

Get SALT Encoding   

  12  0:03  SCV  
  13  0:15  SCV  
  13  0:19  Supply Depot  
  14  0:27  SCV  
  15  0:33  Refinery  
  15  0:41  SCV  
  16  0:45  Barracks  
  16  0:53  SCV  
  17  1:05  SCV  
  18  1:17  SCV  
  19  1:32  Orbital Command  
  19  1:33  Reaper  
  20  1:49  Command Center  
  20  1:59  SCV, Refinery  
  21  2:05  Reaper  
  22  2:08  Supply Depot  
  22  2:11  SCV  
  23  2:30  SCV  
  23  2:33  Factory  
  24  2:46  Barracks Reactor  
  24  2:49  SCV  
  25  3:22  Starport  
  25  3:27  Orbital Command  
  25  3:28  SCV, Barracks Reactor  
  26  3:36  Hellion x2  
  26  3:40  SCV  
  30  3:52  SCV  
  31  3:56  Liberator  
  31  3:57  SCV, Liberator  
  31  4:02  Hellion x2  
  36  4:04  SCV  
  36  4:09  SCV  
  38  4:10  Barracks Tech Lab  
  38  4:14  Engineering Bay x2  
  44  4:19  SCV  
  44  4:21  SCV  
  44  4:22  Supply Depot  
  44  4:23  Hellion x2  
  50  4:33  SCV x2  
  50  4:35  Marine  
  53  4:45  SCV  
  53  4:46  Terran Infantry Weapons Level 1, SCV, Supply Depot  
  53  4:47  Terran Infantry Armor Level 1  
  53  4:51  Stimpack  
  55  4:55  Hellion x2  
  55  4:58  SCV  
  60  5:01  Marine  
  60  5:20  Liberator  
  56  5:40  Marine  
  60  5:46  Barracks  
  60  5:48  Barracks x2  
  58  5:50  Armory  
  58  6:05  Liberator  
  58  6:13  Hellion x2, Marine  
  63  6:26  SCV  
  63  6:31  Refinery, Marine  
  63  6:32  Refinery  
  65  6:33  Marine  
  65  6:34  Hellion  
  65  6:35  Hellion  
  65  6:37  Command Center  
  70  6:43  Marine x2  
  67  6:49  Marine  
  67  6:51  Marine  
  65  7:04  Barracks Tech Lab  
  65  7:06  Barracks Tech Lab  
  65  7:07  Marine  
  60  7:13  Concussive Shells  
  58  7:16  Barracks Tech Lab, Terran Infantry Weapons Level 2  
  57  7:24  Marine  
  57  7:27  Marine x2  
  60  7:32  Medivac x2  
  60  7:36  Marine  
  65  7:43  Marauder  
  67  7:45  Marine  
  67  7:46  Terran Infantry Armor Level 2  
  67  7:47  Marine  
  67  7:48  SCV  
  70  7:52  SCV  
  70  7:54  Marine  
  72  7:58  Refinery  
  72  8:00  SCV, Barracks x4  
  72  8:02  Supply Depot  
  72  8:03  Supply Depot, Marine  
  72  8:04  Marine x2, Widow Mine  
  72  8:05  Widow Mine  
  80  8:06  Medivac  
  80  8:10  Orbital Command  
  80  8:11  Supply Depot  
  80  8:12  Marine  
  83  8:19  Medivac  
  85  8:23  SCV x2, Marauder x3  
  93  8:30  Marauder  
  93  8:32  Widow Mine  
  97  8:35  SCV x2  
  99  8:44  Marine x3  
  99  8:45  SCV  
  99  8:47  SCV x2  
  105  8:49  Barracks Reactor x3  
  105  8:50  Barracks Reactor  
  105  8:51  Supply Depot, Marine  
  105  8:55  Medivac  
  108  8:57  SCV  
  109  9:11  SCV  
  109  9:12  SCV x2, Marine x3  
  109  9:13  Marauder  
  112  9:30  Marine x3  
  113  9:34  Marine x3, Marauder  
  113  9:37  Marine x2  
  116  9:39  Marine  
  117  9:45  Marine  
  117  9:46  Marine  
  117  9:50  Marauder x2  
  117  10:07  Marine x2  
  117  10:08  Widow Mine x2  
  117  10:09  Medivac, Marauder x2  
  117  10:11  Supply Depot x2, Marauder  
  117  10:12  Medivac  
  117  10:13  Marauder  
  120  10:19  Marine x4  
  120  10:21  Marine  
  111  10:31  Marauder x2  
  111  10:33  Marauder  
  111  10:34  Marine, Marauder  
  111  10:35  Marine  
  111  10:42  Marine  
  111  10:43  Marine x2  
  111  10:44  Medivac  
  111  10:48  Combat Shields  
  111  10:49  Marine  
  117  10:52  Marauder x2  
  117  11:09  Marine x3  
  117  11:10  Medivac, Marauder  
  124  11:14  Medivac  
  126  11:25  Marine  
  126  11:26  Marine x2  
  126  11:27  Marauder, Marine x2  
  126  11:32  Missile Turret, Marine x2  
  127  11:33  Missile Turret, Marine x2  
  127  11:35  Missile Turret x2  
  127  11:39  Missile Turret  
Show
View Real Time Build Order
Export as new Build Order

TheCoach Zerg 

Build Orders: Hatch First 

Get SALT Encoding   

  12  0:01  Drone  
  13  0:12  Overlord  
  13  0:17  Drone  
  14  0:31  Drone x2  
  14  0:35  Drone  
  17  0:54  Hatchery  
  16  1:07  Spawning Pool  
  16  1:10  Extractor  
  14  1:11  Drone  
  14  1:15  Drone  
  16  1:20  Drone  
  16  1:24  Drone  
  18  1:34  Drone  
  19  1:44  Drone  
  20  1:53  Queen  
  22  1:56  Overlord  
  22  2:07  Queen  
  24  2:09  Metabolic Boost  
  24  2:16  Drone, Zergling x2  
  24  2:19  Drone  
  27  2:27  Drone  
  28  2:43  Drone x3  
  31  2:44  Zergling x2  
  31  2:48  Queen  
  34  2:52  Queen  
  34  2:54  Overlord  
  36  3:14  Zergling x4  
  38  3:22  Overlord  
  38  3:28  Queen  
  38  3:30  Zergling x4  
  38  3:31  Drone  
  38  3:32  Drone  
  43  3:45  Drone x3  
  43  3:46  Drone x2  
  48  4:04  Hatchery  
  47  4:10  Overlord x2  
  47  4:11  Drone x4  
  47  4:13  Extractor  
  50  4:20  Overlord  
  50  4:22  Drone  
  51  4:24  Overlord  
  49  4:32  Drone x3  
  49  4:33  Drone x2  
  53  4:48  Zergling x4  
  53  4:49  Zergling x2  
  54  4:54  Zergling x6  
  54  4:55  Lair  
  54  4:59  Extractor  
  56  5:00  Roach Warren  
  56  5:01  Extractor  
  56  5:04  Zergling x4  
  55  5:17  Drone  
  55  5:18  Drone x5  
  59  5:34  Zergling x12  
  59  5:35  Zergling x4  
  57  5:57  Drone x4  
  57  5:58  Roach x4  
  66  6:13  Spine Crawler, Roach x2  
  64  6:19  Roach  
  64  6:21  Roach  
  64  6:23  Ravager  
  64  6:24  Ravager x3  
  70  6:33  Roach x2  
  74  7:00  Drone x5, Roach  
  74  7:01  Drone x2  
  83  7:03  Queen  
  85  7:15  Overlord  
  85  7:21  Spire  
  84  7:27  Glial Reconstitution  
  84  7:32  Overlord  
  84  7:33  Overlord, Drone x2  
  84  7:34  Drone x5  
  84  7:35  Hatchery  
  90  7:39  Queen  
  92  7:53  Evolution Chamber, Zergling x2  
  92  7:54  Evolution Chamber, Roach x4  
  92  7:55  Roach x4  
  92  7:57  Overlord x2  
  107  8:21  Overlord x2  
  107  8:22  Overlord  
  107  8:24  Extractor  
  107  8:25  Extractor  
  105  8:29  Overlord  
  105  8:30  Overlord, Drone  
  105  8:31  Drone x3  
  105  8:33  Mutalisk x3  
  105  8:34  Mutalisk x2  
  119  8:51  Mutalisk x2  
  105  9:33  Mutalisk x4  
  105  9:34  Mutalisk x3  
  117  9:41  Queen  
  118  9:56  Mutalisk x4  
  124  10:12  Drone x5  
  124  10:13  Drone  
  117  10:14  Drone  
  117  10:15  Drone x4  
  118  10:26  Drone x3  
  118  10:27  Drone x2, Queen  
  118  10:28  Drone x6  
  125  10:48  Drone x4  
  125  10:49  Overlord x3, Queen  
  119  10:58  Roach x2  
  119  10:59  Roach x3, Extractor  
  119  11:04  Extractor  
  116  11:10  Roach x2  
  116  11:11  Roach x6  
  130  11:15  Roach  
  129  11:23  Roach  
  129  11:28  Roach x2  
  129  11:31  Ravager  
  129  11:32  Ravager x5  
  132  11:43  Roach x7  
Tags
 
Add a new tag
Caveats
  • Supply blocks, unpowered buildings, or Contaminate may cause inaccurate times.
  • Supply counts are checked every 10 seconds.